 Dungeon Crawl Stone Soup version 0.21.1-1-g345015f (webtiles) character file.

387 goulibeur the Distorting Demonspawn (level 6, -2/72 HPs)
             Began as a Demonspawn Abyssal Knight on June 8, 2018.
             Was a Believer of Lugonu.
             Slain by Pikel
             ... wielding a +1 whip of electrocution
              (12 damage)
             ... on level 4 of the Dungeon.
             The game lasted 00:27:30 (5077 turns).

goulibeur the Distorting Demonspawn (DsAK)          Turns: 5077, Time: 00:27:31

Health: -2/72      AC:  9    Str: 17    XL:     6   Next: 49%
Magic:  10/10      EV:  8    Int: 14    God:    Lugonu [**....]
Gold:   107        SH:  0    Dex: 14    Spells: 5/5 levels left

rFire    . . .     SeeInvis .   n - +0 hand axe (freeze)
rCold    . . .     Gourm    .   (no shield)
rNeg     . . .     Faith    .   k - +0 chain mail
rPois    .         Spirit   .   (helmet restricted)
rElec    .         Reflect  .   (no cloak)
rCorr    .         Harm     .   (no gloves)
MR       .....                  (no boots)
Stlth    ..........             (no amulet)
HPRegen  0.22/turn              g - ring of wizardry
MPRegen  0.12/turn              (no ring)

@: mighty, berserking, very quick
A: horns 2, powered by pain 1
a: Depart the Abyss, Bend Space, Renounce Religion


You were on level 4 of the Dungeon.
You worshipped Lugonu.
Lugonu was pleased with you.
You were not hungry.

You visited 1 branch of the dungeon, and saw 4 of its levels.
You visited the Abyss 1 time.

You collected 107 gold pieces.

Inventory:

Hand Weapons
 a - a +1 short sword
 n - a +0 hand axe of freezing (weapon)
Armour
 k - a +0 chain mail (worn)
Jewellery
 d - an uncursed amulet of rage {unknown}
 e - an uncursed amulet of regeneration {unknown}
 g - a ring of wizardry (left hand)
Scrolls
 h - 2 scrolls of teleportation {unknown}
 i - a scroll of immolation {unknown}
 j - a scroll of remove curse {unknown}
 l - a scroll of enchant weapon {unknown}
 q - a scroll of identify
 s - a scroll of noise {unknown}
Potions
 b - 2 potions of magic
 f - 2 potions of might
 m - a potion of berserk rage
 o - a potion of flight
 p - 2 potions of heal wounds {unknown}
 r - 2 potions of curing {unknown}
Comestibles
 c - 5 rations
 t - 2 chunks of flesh


   Skills:
 + Level 4.2 Fighting
 - Level 1.7 Short Blades
 + Level 3.2 Armour
 + Level 2.6 Dodging
 * Level 6.0 Invocations


You had 5 spell levels left.
You didn't know any spells.

Dungeon Overview and Level Annotations

Branches:
Dungeon (4/15)
 Temple: D:4-7

Altars:

Shops:
D:4 [

Annotations:
D:4 4thArraOfDagon's ghost, weakling DDNe; Pikel


Innate Abilities, Weirdness & Mutations

You have a pair of horns on your head.
You sometimes gain a little power by taking damage.


Message History

Something hits you.
You are electrocuted!
You focus on the pain.
You feel mightier all of a sudden.
You miss something. Your headbutt misses something.
Something hits you but does no damage.
The slave shouts!
You hit something. You freeze something. Something hits you.
Something hits you but does no damage.
You are electrocuted!
A slave comes into view.
A red film seems to cover your vision as you go berserk!
You feel yourself moving faster!
You feel mighty!
The slave shouts!
Something hits you.
* * * LOW HITPOINT WARNING * * *
You are electrocuted!
* * * LOW HITPOINT WARNING * * *
You closely miss something. You headbutt something.
Your chain mail prevents you from hitting something.
You headbutt something! Something hits you but does no damage.
You are electrocuted!
You die...

#... #...... .#
#.## #.....# ####
.# # # #..#...
.)##.## # #.##
..#..####..... .#
#... #
#.....##...###.##
####
#.#...#.##.........
#....p#.##.....# #
#.[ppp{@.....#.#
#.#######......# #.
#.#.##.# #.
#......# ##
###.#### #.....#
#.....# #.....#
#.....#


You could see 4 slaves.

Vanquished Creatures
  An ice beast (D:3)
  A scorpion (D:4)
  A worker ant (D:4)
  Robin (D:2)
  7 gnolls
  6 adders
  An ooze (D:1)
  3 worms
  A dart slug (D:3)
  A leopard gecko (D:3)
  A giant cockroach (D:3)
  19 goblins
  5 hobgoblins
  7 jackals
  A quokka (D:2)
  A ball python (D:1)
  10 bats
  2 frilled lizards (D:3)
  6 kobolds
  7 rats
82 creatures vanquished.

Vanquished Creatures (others)
  9 toadstools (D:4)
9 creatures vanquished.

Grand Total: 91 creatures vanquished

Notes
Turn   | Place    | Note
-------+----------+-------------------------------------------
     0 | Abyss:1  | goulibeur the Demonspawn Abyssal Knight began the quest for the Orb.
     0 | Abyss:1  | Reached XP level 1. HP: 18/18 MP: 2/2
    23 | D:1      | Escaped the Abyss
    94 | D:1      | Reached skill level 1 in Dodging
   185 | D:1      | Gained mutation: You have a pair of small horns on your head. [demonic ancestry]
   185 | D:1      | Reached XP level 2. HP: 22/24 MP: 4/4
   216 | D:1      | Reached skill level 3 in Invocations
   633 | D:2      | Reached XP level 3. HP: 25/29 MP: 5/5
  1075 | D:2      | Noticed Robin
  1088 | D:2      | Reached ** piety under Lugonu
  1093 | D:2      | Killed Robin
  1093 | D:2      | Reached skill level 4 in Invocations
  1093 | D:2      | Gained mutation: You have a pair of horns on your head. [demonic ancestry]
  1093 | D:2      | Reached XP level 4. HP: 31/35 MP: 5/7
  2444 | D:3      | Noticed an ice beast
  2457 | D:3      | Killed an ice beast
  2457 | D:3      | Reached skill level 5 in Invocations
  2457 | D:3      | Gained mutation: You sometimes gain a little power by taking damage. [demonic ancestry]
  2457 | D:3      | Reached XP level 5. HP: 2/42 MP: 8/8
  2459 | D:3      | HP: 1/42 [kobold (2)]
  3550 | D:3      | Reached XP level 6. HP: 25/48 MP: 10/10
  3964 | D:4      | Noticed Pikel
  3964 | D:4      | Noticed a slave
  3964 | D:4      | Noticed a slave
  4289 | D:4      | Noticed 4thArraOfDagon's ghost (weakling DDNe)
  4930 | D:4      | Found Zisyesef's Antique Armour Boutique.
  5041 | D:4      | Reached skill level 6 in Invocations
  5072 | D:4      | Noticed a slave
  5075 | D:4      | Noticed a slave
  5077 | D:4      | Slain by Pikel

Skill      XL: |  1  2  3  4  5  6 |
---------------+-------------------+-----
Dodging        | 1 2 |  2.6
Invocations    | 3 4 5 6 |  6.0
Armour         | 2 3 |  3.2
Fighting       | 4 |  4.2
Short Blades   | |  1.7

Action                   |  1- 3 |  4- 6 || total
-------------------------+-------+-------++-------
Melee: Short sword       |    45 |       ||    45
       Hand axe          |    54 |   187 ||   241
       Headbutt          |    11 |    28 ||    39
  Use: Scroll            |     1 |     3 ||     4
       Potion            |     1 |     2 ||     3
  Eat: Chunk             |     1 |    10 ||    11
       Ration            |       |     1 ||     1
Armor: Ring mail         |    14 |       ||    14
       Leather armour    |     3 |       ||     3
       Chain mail        |    42 |   149 ||   191
Dodge: Dodged            |    52 |    64 ||   116
